 Dungeon Crawl Stone Soup version 0.31-a0-210-gccc998df9b (webtiles) character file.

Game seed: 607098442609670691

31 qw the Shield-Bearer (level 3, -4/23 HPs)
             Began as a Gargoyle Fighter on June 30, 2023.
             Slain by Sigmund
             ... wielding a +0 scythe
              (7 damage)
             ... on level 2 of the Dungeon.
             The game lasted 00:00:40 (1383 turns).

qw the Shield-Bearer (Gargoyle Fighter)             Turns: 1383, Time: 00:00:40

Health: -4/23      AC: 14    Str: 21    XL:     3   Next: 22%
Magic:  3/3        EV:  5    Int:  8    God:
Gold:   132        SH:  9    Dex:  9    Spells: 2/2 levels left

rFire   . . .        Y - +0 war axe
rCold   . . .        c - +0 buckler
rNeg    + . .        j - +0 plate armour
rPois   inf          (no helmet)
rElec   +            (no cloak)
rCorr   .            (no gloves)
SInv    .            (no boots)
Will    .....        g - amulet of reflection Stlth
                     (no ring)
HPRegen 0.23/turn    (no ring)
MPRegen 0.08/turn

%: reflection
@: no status effects
A: sickness immunity, AC +3, negative energy resistance 1, electricity
resistance, torment resistance 1, petrification resistance
a: no special abilities


You were on level 2 of the Dungeon.
You visited 1 branch of the dungeon, and saw 2 of its levels.

You collected 132 gold pieces.


Innate Abilities, Weirdness & Mutations

You are immune to sickness and miasma.
Your stone body is resilient. (AC +3)
You are immune to poison.
You resist negative energy. (rN+)
You are resistant to electric shocks. (rElec)
You are resistant to unholy torment.
You are immune to petrification.


   Skills:
 - Level 3.2 Fighting
 + Level 3.2 Axes
 - Level 3.2 Armour
 - Level 3.2 Shields


You had 2 spell levels left.
You didn't know any spells.
Your spell library was empty.

Inventory:

Hand Weapons
 f - a +0 flail
 Y - a +0 war axe (weapon)
Armour
 c - a +0 buckler (worn)
 j - a +0 plate armour (worn)
Jewellery
 g - an amulet of reflection (around neck)
Scrolls
 a - a scroll of identify
Potions
 b - a potion of lignification {unknown}
 d - a potion of might
 h - a potion of experience {unknown}
 i - a potion of resistance {unknown}

Dungeon Overview and Level Annotations

Branches:
Dungeon (2/15)

Altars:

Annotations:
D:2 Sigmund


Message History

Enter note: You slash Sigmund!
Sigmund is moderately wounded.
You block Sigmund's attack.
You hit Sigmund.
Sigmund is moderately wounded.
Sigmund hits you with a +0 scythe!
You closely miss Sigmund.
Sigmund is moderately wounded.
Sigmund hits you but does no damage.
You closely miss Sigmund.
Sigmund is moderately wounded.
You block Sigmund's attack.
You slash Sigmund!
Sigmund is almost dead.
Sigmund casts a spell at you.
You are confused.
Sigmund hits you but does no damage.
Sigmund mumbles some strange words.
Sigmund flickers and vanishes!
Deactivating autopickup; reactivate with Ctrl-A.
You barely miss something. Something hits you! Something hits you.
Enter note:
Enter note:
Enter note:
Enter note:
Enter note:
Enter note:
Enter note:
Enter note: You feel less confused.
Enter note:
Enter note:
Enter note:
Enter note: You swing at nothing.
Something hits you!
You die...

..##.# ..#
..# ..# ..#
##########
..#
#........#
).#
#.######.##
#.. #.#
#..### #
#.# #...@#
.# #.#
#.##.#
#.####'##
#......#
..#.....#
###..###
..#.....#
...
..#.....#
#.##
#.#.....#
..
#.#.....#
#.
#.####'##


There were no monsters in sight!

Vanquished Creatures
  2 dart slugs (D:1)
  4 endoplasms (D:1)
  2 giant cockroaches (D:1)
  5 goblins
  A hobgoblin (D:2)
  3 quokkas
  2 bats (D:1)
  2 frilled lizards
  2 kobolds
  A rat (D:1)
24 creatures vanquished.

Notes
Turn   | Place    | Note
-------+----------+-------------------------------------------
     0 | D:1      | qw the Gargoyle Fighter began the quest for the Orb.
     0 | D:1      | Reached XP level 1. HP: 14/14 MP: 1/1
     0 | D:1      | 0 ||| qw: Version: 0.3-a-26-gee661ec
     0 | D:1      | 0 ||| qw: Game counter: 7258
     0 | D:1      | 0 ||| qw: Melee chars always use a shield: true
     0 | D:1      | 0 ||| qw: God list: Okawaru
     0 | D:1      | 0 ||| qw: Allow faded altars: false
     0 | D:1      | 0 ||| qw: Do Orc after clearing Dungeon:15 true
     0 | D:1      | 0 ||| qw: Do second Lair branch before Depths: true
     0 | D:1      | 0 ||| qw: Lair rune preference: random
     0 | D:1      | 0 ||| qw: Goals: Normal, Zot:1-4, Slime:5, God:TSO, Crypt,
                  | Tomb, Abyss, Pan, Hells, Win
     0 | D:1      | 0 ||| PLANNING D:1-11
   103 | D:1      | Reached XP level 2. HP: 19/19 MP: 2/2
   103 | D:1      | 103 ||| DROPPING +0 mace.
   112 | D:1      | 112 ||| Stepping ~*~*~tactically~*~*~ (hiding).
   114 | D:1      | 114 ||| Stepping ~*~*~tactically~*~*~ (hiding).
   296 | D:1      | 296 ||| Stepping ~*~*~tactically~*~*~ (hiding).
   299 | D:1      | 299 ||| Stepping ~*~*~tactically~*~*~ (hiding).
   302 | D:1      | 302 ||| Stepping ~*~*~tactically~*~*~ (hiding).
   459 | D:1      | 459 ||| DROPPING +1 mace of protection.
   558 | D:1      | Reached skill level 3 in Axes
   790 | D:1      | Reached XP level 3. HP: 21/23 MP: 3/3
  1062 | D:1      | 1062 ||| UPGRADING to +0 plate armour.
  1072 | D:1      | 1072 ||| DROPPING +0 scale mail.
  1073 | D:1      | 1073 ||| UPGRADING to amulet of reflection.
  1078 | D:1      | 1078 ||| READING scroll labelled YTUTIH MUANE.
  1217 | D:2      | 1217 ||| Stepping ~*~*~tactically~*~*~ (hiding).
  1220 | D:2      | 1220 ||| Stepping ~*~*~tactically~*~*~ (hiding).
  1369 | D:2      | Noticed Sigmund
  1379 | D:2      | HP: 4/23 [something (11)]
  1383 | D:2      | Slain by Sigmund

Levels and vault maps discovered:
D:1:      dpeg_arrival_stone_temple_mockup, layout_basic
D:2:      layout_basic, minmay_misc_feat_alley, uniq_sigmund

Skill      XL: |  1  2 |
---------------+-------+-----
Axes           | 2 3 |  3.2
Fighting       | |  3.2
Armour         | |  3.2
Shields        | |  3.2

Action                     || total
---------------------------++-------
  Melee: War axe           ||    99
    Use: Scroll            ||     1
 Armour: Scale mail        ||    32
         Plate armour      ||    16
  Dodge: Dodged            ||    27
  Block: Buckler           ||    20

Table legend:
 A = Non-vault XP
 B = Vault XP
 C = Vault XP percentage of total XP
 D = Non-vault monster count
 E = Vault monster count
 F = Vault count percentage of total count
                 A         B        C        D         E       F
            +---------+---------+-------+---------+---------+-------
      Total |      45 |       0 |   0.0 |      24 |       0 |   0.0
            +---------+---------+-------+---------+---------+-------
        D:1 |      37 |       0 |   0.0 |      19 |       0 |   0.0
        D:2 |       8 |       0 |   0.0 |       5 |       0 |   0.0
            +---------+---------+-------+---------+---------+-------
